Map: 로스트 앤 파운드 - 래더

Players

Cure - Winner!

  • Race: Terran Terran
  • League: Master
  • Spawn Location: 7:00

Rogue

  • Race: Zerg Zerg
  • Spawn Location: 1:00

Event: HomeStory Cup XVIII

VOD

Have the link to the VOD?

Description

Time

  • Played on: Nov. 22, 2018, 9:52 a.m.
  • Length: 14:51

All games in this series

Show
View Real Time Build Order
Export as new Build Order

Cure Terran - Winner!

Build Orders: Reaper Expand 

Get SALT Encoding   

  12  0:00  SCV  
  13  0:12  SCV  
  14  0:17  Supply Depot  
  14  0:24  SCV  
  15  0:38  SCV  
  15  0:39  Barracks  
  15  0:42  Refinery  
  16  0:50  SCV  
  17  1:02  SCV  
  18  1:14  SCV  
  19  1:26  Reaper, Orbital Command  
  20  1:38  Command Center  
  20  1:46  Supply Depot  
  20  1:52  SCV  
  21  1:58  Reaper  
  22  2:04  SCV  
  23  2:16  SCV  
  23  2:19  Factory  
  24  2:28  SCV  
  25  2:32  Command Center  
  25  2:38  Barracks Reactor  
  25  2:40  SCV  
  26  2:48  Refinery  
  26  2:50  Orbital Command  
  26  2:53  SCV  
  27  3:05  SCV  
  28  3:15  Starport  
  28  3:17  SCV x2  
  28  3:18  Hellion  
  28  3:19  Hellion  
  34  3:26  Barracks Tech Lab  
  34  3:29  SCV  
  34  3:31  SCV  
  36  3:41  SCV  
  36  3:42  Hellion x2  
  36  3:44  Orbital Command, SCV  
  42  3:51  Viking  
  42  3:53  SCV  
  45  3:58  SCV  
  45  4:01  Supply Depot  
  46  4:03  Refinery x2  
  46  4:05  Liberator, SCV  
  46  4:06  Hellion x2  
  46  4:09  SCV  
  52  4:10  SCV  
  52  4:11  Barracks Tech Lab  
  53  4:18  SCV  
  53  4:21  SCV  
  53  4:22  SCV  
  59  4:24  Supply Depot  
  59  4:30  Marine  
  59  4:31  Stimpack  
  60  4:33  SCV x2  
  60  4:34  SCV  
  63  4:39  Siege Tank  
  63  4:45  SCV  
  67  4:46  SCV x2  
  67  4:48  Supply Depot, Marine  
  70  4:56  Barracks  
  70  4:59  Barracks, SCV x2  
  72  5:00  Engineering Bay, SCV  
  72  5:06  Marine, Starport Reactor  
  74  5:11  SCV  
  74  5:12  SCV x2  
  77  5:14  Engineering Bay  
  77  5:16  Supply Depot  
  77  5:22  Orbital Command  
  77  5:23  Supply Depot  
  77  5:24  SCV x2  
  77  5:26  Marine, Siege Tank  
  83  5:38  Terran Infantry Weapons Level 1  
  83  5:40  SCV x2  
  83  5:42  Terran Infantry Armor Level 1  
  85  5:44  Marine x2  
  85  5:45  Marine  
  88  5:50  SCV  
  88  5:52  SCV x2  
  88  5:54  Starport Reactor  
  88  5:56  Marine x2  
  88  5:57  Barracks x2  
  93  6:02  SCV  
  90  6:04  SCV x2  
  90  6:05  Marine x3  
  90  6:06  Siege Tank  
  98  6:14  Supply Depot, Marine x2  
  98  6:15  Supply Depot  
  98  6:16  Supply Depot  
  98  6:18  SCV  
  101  6:32  Armory  
  101  6:35  Marine x5  
  101  6:36  Medivac x2, SCV x2  
  112  6:43  Supply Depot  
  112  6:44  Supply Depot  
  112  6:45  Barracks Reactor x2  
  112  6:52  Barracks  
  112  6:53  Marine x5, Barracks x2  
  117  7:00  Combat Shield  
  117  7:04  Siege Tank  
  120  7:08  Refinery  
  120  7:11  Marine x5  
  120  7:12  SCV x3  
  128  7:18  Supply Depot x2  
  128  7:23  Marine x2  
  128  7:24  Marine x2, Medivac  
  128  7:28  Medivac  
  128  7:29  Marine x3  
  139  7:33  Supply Depot  
  139  7:38  Marine x2  
  139  7:39  Siege Tank  
  139  7:41  Marine x2  
  146  7:46  Terran Infantry Weapons Level 2  
  146  7:48  Supply Depot x2  
  140  7:52  Terran Infantry Armor Level 2  
  140  7:54  Terran Vehicle Weapons Level 1  
  135  8:05  Marine x6  
  139  8:07  Marine x3  
  139  8:11  Siege Tank  
  143  8:23  Marine x5  
  143  8:24  Factory  
  148  8:27  Barracks Tech Lab x3  
  148  8:31  Command Center  
  139  8:35  Marine x3  
  139  8:36  Marauder  
  139  8:41  Marine x3  
  144  8:46  Siege Tank  
  144  8:47  SCV x3  
  145  8:48  Refinery  
  145  8:53  Marauder x3, Marine x3  
  145  8:54  Concussive Shells  
  130  9:14  Marine x8, Marauder x3  
  138  9:19  SCV  
  138  9:20  SCV x2  
  138  9:22  Factory Tech Lab  
  141  9:25  Marauder  
  141  9:29  Siege Tank  
  146  9:32  Marine x4, Medivac x2  
  146  9:35  Marauder  
  146  9:36  Marauder, SCV x2  
  146  9:37  SCV  
  161  9:53  Siege Tank  
  161  9:54  Sensor Tower  
  161  9:55  Marauder x2, Marine x3  
  161  9:56  Sensor Tower  
  171  10:01  Siege Tank  
  171  10:03  Terran Infantry Weapons Level 3  
  174  10:07  Planetary Fortress  
  170  10:21  Terran Infantry Armor Level 3  
  170  10:24  Refinery  
  170  10:25  Marine x6, Marauder x3, Refinery  
  170  10:26  Marine x2  
  184  10:28  Siege Tank  
  184  10:34  Marauder  
  184  10:35  Siege Tank  
  189  10:43  Marine x4  
  189  10:48  Medivac  
  167  11:01  Siege Tank  
  167  11:03  Command Center  
  149  11:07  Marauder x4  
  149  11:10  Marine x6, Siege Tank  
  147  11:20  Marine x2  
  125  11:27  Marine x2  
  125  11:28  Marine x2, Marauder x3  
  125  11:30  Marine x2, Marauder  
  126  11:33  Siege Tank  
  126  11:38  Marine x2  
  127  11:43  Siege Tank, Medivac  
  127  11:44  Medivac  
  127  11:45  Marine x2  
  135  11:49  Marauder, Terran Vehicle Weapons Level 2  
  135  11:50  Marauder  
  138  11:59  Marine x5, Marauder x2  
  143  12:05  Siege Tank  
  146  12:11  Marauder  
  146  12:13  Medivac x2  
  146  12:15  Siege Tank  
  155  12:18  Marine x3, Marauder  
  155  12:21  Marauder  
  162  12:28  Marine x2  
  162  12:29  Marauder  
  166  12:36  Marine x2  
  166  12:37  Marine x2, Marauder, Siege Tank  
  170  12:40  Marauder  
  170  12:42  Marauder  
  176  12:46  Medivac x2  
  176  12:47  Siege Tank  
  176  12:49  Planetary Fortress  
  183  12:55  Marine x2, Marauder  
  183  12:58  Marauder  
  189  13:04  Marine x4, Marauder  
  189  13:05  Marauder  
  194  13:09  Siege Tank  
  194  13:11  Sensor Tower  
  194  13:12  Marine x3  
  200  13:37  Marine x2  
  200  13:40  Siege Tank  
  179  13:41  Siege Tank  
  179  13:43  Marine x4  
  179  13:44  Marauder x3, Marine x3  
  179  13:45  Medivac x2  
  177  13:54  Marine x2  
  173  14:00  Command Center  
  173  14:01  Marine x5  
  173  14:02  Marauder  
  180  14:05  Starport, Marauder x3, Fusion Core  
  186  14:13  Marine x3  
  187  14:19  Marine x5  
  187  14:23  Marauder  
  181  14:26  Marauder x2  
  181  14:27  Marauder  
  181  14:31  Marine x2  
Show
View Real Time Build Order
Export as new Build Order

Rogue Zerg 

Build Orders: Hatch First 

Get SALT Encoding   

  12  0:00  Drone  
  13  0:13  Overlord  
  13  0:17  Drone  
  14  0:31  Drone x2  
  16  0:49  Hatchery  
  15  0:51  Drone  
  15  0:55  Drone  
  17  0:58  Drone  
  18  1:09  Extractor  
  17  1:13  Spawning Pool  
  17  1:15  Drone  
  17  1:19  Drone  
  18  1:30  Drone  
  19  1:39  Overlord  
  19  1:50  Drone  
  20  2:00  Queen x2  
  25  2:01  Zergling x4  
  26  2:08  Metabolic Boost  
  26  2:13  Drone x2  
  28  2:24  Drone x2  
  29  2:34  Drone x2  
  29  2:36  Queen  
  33  2:51  Overlord, Hatchery  
  33  2:55  Drone x2  
  35  2:58  Drone  
  35  3:05  Drone  
  36  3:11  Drone x5  
  40  3:17  Zergling x4  
  42  3:21  Overlord  
  42  3:23  Zergling x2  
  43  3:32  Drone  
  44  3:42  Drone x3  
  44  3:45  Queen  
  44  3:46  Overlord  
  44  3:47  Drone x2  
  51  3:54  Queen, Baneling Nest  
  52  3:59  Overlord  
  52  4:06  Drone x3  
  52  4:07  Drone x3  
  58  4:11  Drone  
  58  4:13  Queen  
  61  4:17  Overlord  
  61  4:19  Drone x5  
  61  4:23  Zergling x4  
  68  4:27  Overlord  
  68  4:30  Extractor x2  
  66  4:32  Drone x2  
  66  4:36  Overlord  
  68  4:40  Drone  
  68  4:42  Spore Crawler  
  68  4:44  Drone  
  68  4:45  Spore Crawler  
  68  4:46  Drone x3  
  68  4:51  Queen  
  73  4:55  Lair  
  73  4:57  Drone  
  73  4:58  Drone  
  73  4:59  Drone x4  
  79  5:03  Drone  
  79  5:04  Drone x4  
  84  5:09  Overlord  
  84  5:15  Evolution Chamber  
  84  5:16  Drone x2, Evolution Chamber  
  84  5:19  Overlord  
  84  5:21  Extractor x2  
  83  5:27  Zergling x2  
  83  5:28  Overlord  
  83  5:33  Overlord  
  82  5:40  Zergling x4  
  82  5:42  Drone x3  
  88  5:44  Zerg Ground Armor Level 1, Zerg Melee Weapons Level 1  
  84  5:52  Drone  
  84  5:55  Drone x4  
  84  5:56  Drone  
  89  6:00  Queen  
  91  6:04  Drone x2  
  91  6:05  Drone x2, Hatchery  
  91  6:06  Zergling x2  
  91  6:07  Zergling x2  
  96  6:15  Zergling x8  
  100  6:20  Overlord  
  100  6:27  Hydralisk Den  
  100  6:29  Drone x2  
  100  6:30  Drone, Overlord  
  102  6:34  Drone  
  102  6:35  Hatchery  
  102  6:36  Baneling  
  102  6:37  Baneling x7  
  102  6:38  Zergling x6, Baneling  
  105  6:42  Drone  
  105  6:46  Drone  
  107  6:51  Centrifical Hooks, Zergling x10  
  107  6:53  Baneling x2  
  112  6:55  Queen  
  112  6:57  Overlord  
  112  6:58  Grooved Spines  
  114  7:02  Overlord  
  113  7:09  Hydralisk x4  
  113  7:14  Extractor, Infestation Pit  
  119  7:20  Hydralisk  
  119  7:21  Hydralisk x7  
  135  7:24  Hydralisk  
  135  7:27  Hydralisk x3  
  143  7:32  Zergling x2  
  143  7:33  Overlord  
  143  7:34  Overlord  
  144  7:46  Queen  
  144  7:48  Hydralisk x3  
  144  7:49  Hydralisk  
  144  7:51  Overlord  
  147  7:55  Evolution Chamber, Zergling x12  
  149  7:59  Zergling x2  
  149  8:00  Zergling x6  
  149  8:03  Pneumatized Carapace  
  149  8:04  Overlord  
  151  8:07  Zergling x2  
  151  8:08  Zergling x4  
  151  8:10  Overlord x2  
  148  8:21  Zergling x2  
  148  8:22  Zergling x10  
  148  8:25  Baneling x14  
  148  8:27  Zerg Ground Armor Level 2  
  149  8:28  Evolution Chamber  
  149  8:30  Zergling x10  
  149  8:32  Zergling x2  
  148  8:34  Muscular Augments  
  147  8:42  Zergling x2  
  147  8:43  Zergling x18  
  147  8:44  Zergling x4  
  147  8:46  Baneling  
  147  8:47  Baneling x4  
  155  8:50  Overseer  
  155  8:53  Zergling x10  
  155  8:55  Zergling x2  
  144  9:02  Zergling x2  
  144  9:03  Zergling x14  
  144  9:06  Zergling x2  
  144  9:08  Zergling x4  
  146  9:10  Zergling x6  
  146  9:11  Zergling x2  
  146  9:16  Drone x4  
  146  9:24  Baneling x22  
  146  9:25  Baneling  
  146  9:27  Extractor  
  145  9:35  Zerg Melee Weapons Level 2  
  145  9:37  Zergling x18  
  154  9:38  Baneling  
  154  9:39  Baneling  
  154  9:40  Zergling x4  
  155  9:45  Zergling x2  
  155  9:46  Overlord, Zergling x4  
  158  9:54  Spore Crawler  
  158  9:57  Hive  
  157  10:02  Overlord x2  
  157  10:06  Drone  
  157  10:07  Drone x2  
  160  10:08  Drone x4  
  160  10:13  Zergling x4  
  160  10:14  Overlord x4, Zergling x2  
  165  10:16  Overseer  
  160  10:22  Zergling x18  
  160  10:24  Drone  
  160  10:25  Drone  
  171  10:36  Hatchery  
  171  10:39  Zergling x4  
  171  10:40  Zergling x16  
  176  10:46  Baneling x15  
  176  10:50  Baneling x7  
  176  10:52  Zergling x4  
  176  10:55  Zergling x8  
  176  10:56  Zergling x2  
  170  10:59  Zergling x2  
  170  11:00  Zergling x4  
  170  11:01  Zergling x2  
  170  11:02  Zergling x4  
  170  11:03  Zergling x4  
  160  11:07  Zergling x6  
  160  11:10  Zergling x4  
  160  11:11  Zergling x4  
  162  11:12  Zergling x4  
  150  11:20  Zergling x18  
  150  11:22  Zergling x2  
  143  11:25  Zergling x2  
  143  11:27  Zergling x2  
  143  11:32  Zergling x6  
  134  11:33  Zergling x12  
  134  11:37  Zergling x2  
  134  11:38  Zergling x2  
  138  11:40  Zergling x4  
  138  11:43  Zergling x4  
  138  11:47  Adrenal Glands  
  139  11:49  Ultralisk Cavern  
  139  11:50  Baneling  
  139  11:51  Baneling x13  
  132  12:01  Zergling x2  
  132  12:02  Zergling x18  
  132  12:03  Zergling x2  
  132  12:08  Drone x4  
  145  12:09  Drone  
  148  12:18  Hydralisk x4  
  148  12:19  Hydralisk  
  158  12:31  Hydralisk x8  
  173  12:49  Hydralisk x5  
  181  13:04  Zergling x2  
  181  13:05  Zergling x30  
  185  13:11  Baneling x3  
  185  13:12  Baneling x4  
  185  13:15  Baneling x2  
  185  13:16  Baneling x7  
  185  13:17  Hatchery  
  185  13:18  Zergling x2  
  185  13:19  Zergling x4  
  187  13:21  Chitinous Plating  
  187  13:24  Zergling x6  
  189  13:29  Zergling x10  
  189  13:31  Baneling  
  189  13:32  Baneling x5  
  188  13:35  Zergling x4  
  188  13:36  Zergling x2  
  158  13:42  Zergling x16  
  158  13:44  Zergling x4  
  158  13:45  Zergling x4  
  153  13:52  Zergling x14  
  136  13:59  Baneling x8  
  136  14:01  Zergling x2  
  136  14:02  Zergling x2  
  138  14:04  Baneling x11  
  138  14:06  Zergling x6  
  140  14:12  Baneling  
  140  14:13  Baneling x8  
  140  14:14  Zergling x6  
  140  14:15  Zergling x4  
  140  14:21  Zergling x14  
  140  14:23  Zergling x2  
  140  14:24  Zergling x6  
  122  14:25  Zergling x2  
  122  14:26  Zergling x2  
  122  14:28  Zergling x2  
  122  14:29  Zergling x6  
  122  14:32  Zergling x8  
  122  14:35  Baneling x4  
  122  14:36  Baneling x4  
  127  14:46  Hatchery  
Tags
 
Add a new tag
Caveats
  • Supply blocks, unpowered buildings, or Contaminate may cause inaccurate times.
  • Supply counts are checked every 10 seconds.